 Dungeon Crawl Stone Soup version 0.26-b1-32-g5d43845318 (webtiles) character file.

Game seed: 9648370034775454572

107 Borgoz the Cudgeller (level 4, -3/27 HPs)
             Began as a Gargoyle Gladiator on Jan 11, 2021.
             Slain by an orc
             ... wielding a +0 hand axe
              (4 damage)
             ... on level 3 of the Dungeon.
             The game lasted 00:01:58 (2348 turns).

Borgoz the Cudgeller (Gargoyle Gladiator)           Turns: 2348, Time: 00:01:59

Health: -3/27      AC:  7    Str: 17    XL:     4   Next: 85%
Magic:  4/4        EV: 13    Int:  9    God:
Gold:   123        SH:  0    Dex: 12    Spells: 3/3 levels left

rFire    . . .     SeeInvis .   a - +0 flail
rCold    . . .     Faith    .   (no shield)
rNeg     + . .     Spirit   .   b - +0 leather armour
rPois    ∞         Reflect  .   c - +0 helmet
rElec    +         Harm     .   (no cloak)
rCorr    .         Rampage  .   (no gloves)
Will     .....                  (no boots)
Stlth    +.........             (no amulet)
HPRegen  0.09/turn              (no ring)
MPRegen  0.09/turn              (no ring)

@: no status effects
A: negative energy resistance 1, electricity resistance, unbreathing,
petrification resistance, miasma immunity, AC +3
a: no special abilities


You were on level 3 of the Dungeon.
You visited 1 branch of the dungeon, and saw 3 of its levels.

You collected 123 gold pieces.

Inventory:

Hand Weapons
 a - a +0 flail (weapon)
Missiles
 d - 3 throwing nets (quivered)
Armour
 b - a +0 leather armour (worn)
 c - a +0 helmet (worn)
Scrolls
 g - 2 scrolls of amnesia {unknown}
 h - a scroll of teleportation {unknown}
 j - a scroll of fear {unknown}
 k - 2 scrolls of enchant armour {unknown}
Potions
 e - a potion of brilliance


   Skills:
 + Level 2.9 Fighting
 * Level 3.8 Maces & Flails
 - Level 1.7 Throwing
 + Level 1.7 Armour
 * Level 3.2 Dodging


You had 3 spell levels left.
You didn't know any spells.
Your spell library was empty.

Dungeon Overview and Level Annotations

Branches:
Dungeon (3/15)

Altars:
Cheibriados
The Shining One


Innate Abilities, Weirdness & Mutations

You are resistant to torment.
Your stone body is resilient. (AC +3)
You are immune to poison.
You resist negative energy. (rN+)
You are resistant to electric shocks. (rElec)
You can survive without breathing.
You are immune to petrification.
You are immune to miasma.


Message History

You hit something. The orc closely misses you.
You hear some strange, mumbled words.
You are more confused.
The orc hits you with a +0 hand axe.
* * * LOW HITPOINT WARNING * * *
You bump into the rock wall.
Something hits you but does no damage.
You closely miss something. Something hits you but does no damage.
The orc misses you. Something hits you.
* * * LOW HITPOINT WARNING * * *
The orc barely misses you.
You bump into the rock wall.
Something barely misses you.
You bump into the rock wall.
The orc hits you with a +0 hand axe.
* * * LOW HITPOINT WARNING * * *
Something hits you but does no damage. Something hits you but does no damage.
You bump into the rock wall.
The orc hits you but does no damage.
You bump into the rock wall.
You feel less confused. The orc hits you with a +0 hand axe.
You die...

#.##.#.........#
#.###
#.##.##........#
#....
#..............#
#####
####.#######.###
# #.# #.# # #.#
#.# # #.# #'# #
####.## ..) #
#...#@# #
#..#o## . #
##..g####....
#....)g.'....
##...####....
#.)## . #...
#.#. #...


You could see an orc and a goblin.

Vanquished Creatures
  An orc priest (D:3)
  An adder (D:3)
  A shadow imp (D:2)
  An ooze (D:1)
  A dart slug (D:2)
  2 leopard geckos (D:2)
  2 orcs
  3 bats
  7 giant cockroaches
  6 goblins
  7 hobgoblins
  4 kobolds
  2 quokkas (D:3)
  3 frilled lizards
  4 rats
45 creatures vanquished.

Notes
Turn   | Place    | Note
-------+----------+-------------------------------------------
     0 | D:1      | Borgoz the Gargoyle Gladiator began the quest for the Orb.
     0 | D:1      | Reached XP level 1. HP: 12/12 MP: 1/1
    86 | D:1      | Reached XP level 2. HP: 10/17 MP: 2/2
   708 | D:1      | Reached skill level 1 in Armour
   870 | D:1      | Reached XP level 3. HP: 21/22 MP: 3/3
  1675 | D:2      | Found a glowing golden altar of the Shining One.
  1768 | D:2      | Reached XP level 4. HP: 17/27 MP: 4/4
  2167 | D:3      | Found a snail-covered altar of Cheibriados.
  2343 | D:3      | HP: 1/27 [orc/+0 hand axe (1)]
  2348 | D:3      | Slain by an orc

Illustrated notes

Levels and vault maps discovered:
D:1:      dpeg_arrival_simpleton_b, layout_loops_corners
D:2:      layout_rooms, lemuel_coloured_pillars_altar
D:3:      layout_loops_corners, general_overflow_altar

Skill      XL: |  1  2  3 |
---------------+----------+-----
Armour         | 1 |  1.7
Dodging        | 3 |  3.2
Fighting       | |  2.9
Maces & Flails | |  3.8
Throwing       | |  1.7

Action                   |  1- 3 |  4- 6 || total
-------------------------+-------+-------++-------
Melee: Flail             |   123 |    40 ||   163
  Use: Scroll            |       |     4 ||     4
       Potion            |       |     1 ||     1
Armor: Leather armour    |    61 |    20 ||    81
Dodge: Dodged            |   125 |    32 ||   157
